 Dungeon Crawl Stone Soup version 0.25.1-2-g60ff931df9 (webtiles) character file.

Game seed: 3775461385857587606

34 Drachen the Grasshopper (level 3, 29/29 HPs)
             Began as a Demigod Warper on Oct 16, 2020.
             Quit the game on level 3 of the Dungeon.
             The game lasted 00:06:41 (1149 turns).

Drachen the Grasshopper (Demigod Warper)            Turns: 1149, Time: 00:06:41

Health: 29/29      AC:  4    Str: 14    XL:     3   Next: 1%
Magic:  8/8        EV: 12    Int: 17    God:
Gold:   40         SH:  0    Dex: 17    Spells: 2/6 levels left

rFire    . . .     SeeInvis .   a - +0 falchion
rCold    . . .     Gourm    .   (no shield)
rNeg     . . .     Faith    .   b - +0 leather armour
rPois    .         Spirit   .   (no helmet)
rElec    .         Reflect  .   (no cloak)
rCorr    .         Harm     .   g - +0 pair of gloves
MR       .....                  (no boots)
Stlth    ++........             (no amulet)
HPRegen  0.09/turn              h - ring of stealth
MPRegen  0.11/turn              (no ring)

@: no status effects
A: high mp 1
a: no special abilities


You were on level 3 of the Dungeon.
You were not hungry.

You visited 1 branch of the dungeon, and saw 3 of its levels.

You collected 40 gold pieces.

Inventory:

Hand Weapons
 a - a +0 falchion (weapon)
Missiles
 e - 5 boomerangs of dispersal (quivered)
Armour
 b - a +0 leather armour (worn)
 g - a +0 pair of gloves (worn)
 i - a +0 ring mail
Jewellery
 h - a ring of stealth (left hand)
Scrolls
 c - a scroll of identify {unknown}
 d - a scroll of blinking
 j - a scroll of teleportation {unknown}
 k - a scroll of random uselessness {unknown}
Potions
 l - a potion of heal wounds {unknown}
Comestibles
 f - 4 rations


   Skills:
 - Level 2.0 Fighting
 + Level 2.5 Long Blades
 + Level 0.9 Throwing
 - Level 1.0 Armour
 + Level 2.0 Dodging
 + Level 0.5 Stealth
 + Level 2.0 Spellcasting
 + Level 2.7 Translocations


You had 2 spell levels left.
You knew the following spells:

 Your Spells              Type           Power        Failure   Level  Hunger
a - Blink                 Tloc           N/A          12%         2    ###....
b - Shroud of Golubria    Chrm/Tloc      #.....       21%         2    ###....

Your spell library contained the following spells:

 Spells                   Type           Power        Failure   Level  Hunger
 Gell's Gravitas          Tloc           ##........   22%         3    ###....
 Lesser Beckoning         Tloc           ##........   22%         3    ###....
 Teleport Other           Tloc           ##......     22%         3    ###....
 Passage of Golubria      Tloc           N/A          58%         4    #####..


Dungeon Overview and Level Annotations

Branches:
Dungeon (3/15)


Innate Abilities, Weirdness & Mutations

You have an increased reservoir of magic. (+10% MP)


Message History

This raw flesh tastes terrible.
You open the door.
There is an open door here.
You open the door.
There is an open door here.
A giant cockroach comes into view.
A giant cockroach is nearby!
A giant cockroach is nearby!
The giant cockroach closely misses you.
You riposte.
You hit the giant cockroach.
You kill the giant cockroach!
You have reached level 3!
Your experience leads to a dramatic increase in your attributes!
Increase (S)trength, (I)ntelligence, or (D)exterity?
You feel agile. x2
Found 14 sling bullets.
Okay, then.
Are you sure you want to abandon this character and quit the game? (Confirm with "yes".)
Okay, then.
Are you sure you want to abandon this character and quit the game? (Confirm with "yes".)

.'.........'....#..##
#.........####...##
#.......## ##.##
##.....## #.# ##...##
#.# ##'## #.# #.# #..
#.# ### #@#
.......†.#
(####.....# .........
..##..##.## ##. #..#
.# . .... # # #..#


There were no monsters in sight!

Vanquished Creatures
  An adder (D:3)
  An ooze (D:1)
  A dart slug (D:1)
  4 giant cockroaches
  2 hobgoblins
  4 bats
  2 frilled lizards
  3 kobolds
  2 rats (D:1)
20 creatures vanquished.

Notes
Turn   | Place    | Note
-------+----------+-------------------------------------------
     0 | D:1      | Drachen the Demigod Warper began the quest for the Orb.
     0 | D:1      | Reached XP level 1. HP: 17/17 MP: 5/5
   188 | D:1      | Reached skill level 1 in Armour
   237 | D:1      | Reached XP level 2. HP: 24/24 MP: 7/7
   768 | D:1      | Learned a level 2 spell: Blink
   771 | D:1      | Learned a level 2 spell: Shroud of Golubria
  1148 | D:3      | Reached XP level 3. HP: 29/29 MP: 8/8
  1149 | D:3      | Quit the game

Illustrated notes

Levels and vault maps discovered:
D:1:      giann_horns, layout_loops_ring
D:2:      layout_rooms
D:3:      layout_loops_corners, first_ration, ebering_ghost_sewer_d,
          uniq_terence

Skill      XL: |  1 |
---------------+----+-----
Fighting       | 2 |  2.0
Armour         | 1 |  1.0
Dodging        | 2 |  2.0
Long Blades    | 2 |  2.5
Spellcasting   | 2 |  2.0
Throwing       | |  0.9
Stealth        | |  0.5
Translocations | |  2.7

Action                   || total
-------------------------++-------
Melee: Falchion          ||    57
 Cast: Blink             ||     3
 Stab: Sleeping          ||     2
  Eat: Chunk             ||     1
Armor: Leather armour    ||     9
       Ring mail         ||    12
Dodge: Dodged            ||    57
       Rpst.: Falchion   ||    20
